 Dungeon Crawl Stone Soup version 0.30.0-5-g1a98f26d00 (webtiles) character file.

Game seed: 8261407642633352914

66 SnakkuSnakku7 the Trooper (level 4, -1/41 HPs)
             Began as a Hill Orc Air Elementalist on May 12, 2023.
             Slain by a worm (10 damage)
             ... on level 2 of the Dungeon.
             The game lasted 00:02:30 (1375 turns).

SnakkuSnakku7 the Trooper (HOAE)                    Turns: 1375, Time: 00:02:31

Health: -1/41      AC:  2    Str: 12    XL:     4   Next: 15%
Magic:  6/6        EV: 12    Int: 21    God:
Gold:   61         SH:  0    Dex: 11    Spells: 5/6 levels left

rFire   . . .        a - +0 hand axe
rCold   . . .        (no shield)
rNeg    . . .        p - +0 robe
rPois   .            (no helmet)
rElec   .            (no cloak)
rCorr   .            (no gloves)
SInv    .            (no boots)
Will    .....        (no amulet)
Stlth   ++           k - +6 ring of intelligence
HPRegen 0.26/turn    (no ring)
MPRegen 0.10/turn

%: no passive effects
@: no status effects
A: no striking features
a: no special abilities


You were on level 2 of the Dungeon.
You visited 1 branch of the dungeon, and saw 2 of its levels.

You collected 127 gold pieces.
You spent 66 gold pieces at shops.

Inventory:

Hand Weapons
 a - a +0 hand axe (weapon)
 e - a +0 quarterstaff
Missiles
 d - 6 boomerangs
Armour
 p - a +0 robe (worn)
Jewellery
 k - a +6 ring of intelligence (left hand)
Scrolls
 c - a scroll of teleportation {unknown}
 f - a scroll of fog {unknown}
 j - a scroll of identify {unknown}
 l - a scroll of poison {unknown}
 m - a scroll of immolation {unknown}
 o - a scroll of enchant weapon {unknown}
Potions
 b - a potion of magic
 g - 2 potions of curing {unknown}
 h - a potion of heal wounds
 i - a potion of attraction {unknown}
 n - a potion of flight {unknown}


   Skills:
 + Level 4.4 Fighting
 + Level 0.0 Axes
 - Level 1.5 Dodging
 - Level 1.5 Stealth
 - Level 1.5 Spellcasting
 - Level 1.0 Conjurations
 - Level 2.4 Air Magic


You had 5 spell levels left.
You knew the following spells:

 Your Spells              Type           Power      Damage    Failure   Level
a - Shock                 Conj/Air       32%        1d5       8%          1

Your spell library contained the following spells:

 Spells                   Type           Power      Damage    Failure   Level
 Static Discharge         Conj/Air       16%        2-3/arc   12%         2
 Swiftness                Air            11%        N/A       17%         3
 Airstrike                Air            5%         2d(1-17)  50%         4


Dungeon Overview and Level Annotations

Branches:
Dungeon (2/15)

Altars:
Okawaru

Shops:
D:1 !


Message History

An endoplasm is nearby!
The endoplasm freezes you.
You are frozen.
You barely miss the endoplasm. The endoplasm hits you.
You hit the endoplasm.
The endoplasm is heavily wounded.
The endoplasm freezes you.
You are frozen.
The endoplasm hits you.
You thump the endoplasm!
You kill the endoplasm!
A worm comes into view.
A worm is nearby!
A worm is nearby!
You see here a +0 hand axe.
p - a +0 hand axe
p - a +0 hand axe (weapon)
Adjust to which letter? (? for menu, Esc to quit)
a - a +0 hand axe (weapon);
p - a +0 robe (worn)
The worm bites you!
You barely miss the worm. You hit the worm.
The worm is moderately wounded.
The worm bites you.
You barely miss the worm.
The worm is lightly wounded.
The worm bites you.
You hit the worm.
The worm is moderately wounded.
The worm bites you.
You hit the worm.
The worm is moderately wounded.
You are too injured to fight recklessly!
You hit the worm.
The worm is severely wounded.
The worm bites you!
* * * LOW HITPOINT WARNING * * *
You hit the worm.
The worm is severely wounded.
The worm bites you!
You die...

####...###.....#
. #...# #.....#
. ##...# #######
#...## ####.####
## #.......# #.#
#.##.##.#
#.#.### #
#.##.##.......
#....@w#
####.##.......
...# #.#.###
##### #.# ##


You could see a worm.

Vanquished Creatures
  2 adders (D:2)
  A worm (D:2)
  4 endoplasms
  2 giant cockroaches
  4 goblins
  4 hobgoblins (D:1)
  5 jackals (D:1)
  5 kobolds
  3 quokkas
  2 ball pythons
  3 bats
  2 frilled lizards (D:2)
  2 rats (D:1)
39 creatures vanquished.

Notes
Turn   | Place    | Note
-------+----------+-------------------------------------------
     0 | D:1      | SnakkuSnakku7 the Hill Orc Air Elementalist began the quest
                  | for the Orb.
     0 | D:1      | Reached XP level 1. HP: 14/14 MP: 3/3
    70 | D:1      | Found a faded altar of an unknown god.
    88 | D:1      | Reached skill level 1 in Fighting
   165 | D:1      | Reached XP level 2. HP: 5/24 MP: 4/4
   238 | D:1      | Reached skill level 2 in Fighting
   393 | D:1      | Found Kateojir's Distillery.
   468 | D:1      | Bought a potion of degeneration for 11 gold pieces
   660 | D:1      | Reached skill level 3 in Fighting
   695 | D:1      | Reached XP level 3. HP: 27/31 MP: 5/5
   840 | D:1      | Bought a potion of heal wounds for 55 gold pieces
   935 | D:2      | Found an iron altar of Okawaru.
  1038 | D:2      | Reached skill level 4 in Fighting
  1219 | D:2      | Reached XP level 4. HP: 36/40 MP: 6/6
  1375 | D:2      | Slain by a worm

Illustrated notes

Levels and vault maps discovered:
D:1:      roderic_dead_forest, layout_basic, ebering_ecumenical_altar_petrified,
          serial_shops, nicolae_shop_tiny_statue_garden
D:2:      layout_loops_cross, basic_altar, minmay_randomly_rotated_circles

Skill      XL: |  1  2  3 |
---------------+----------+-----
Fighting       | 1 3 4 |  4.4
Dodging        | |  1.5
Stealth        | |  1.5
Spellcasting   | |  1.5
Conjurations   | |  1.0
Air Magic      | |  2.4

Action                     |  1- 3 |  4- 6 || total
---------------------------+-------+-------++-------
  Melee: Quarterstaff      |   119 |    24 ||   143
         Unarmed           |     1 |       ||     1
         Hand axe          |       |     7 ||     7
   Cast: Shock             |     1 |       ||     1
   Stab: Sleeping          |     1 |       ||     1
 Armour: Robe              |    32 |    12 ||    44
  Dodge: Dodged            |   120 |    20 ||   140
